 Dungeon Crawl Stone Soup version 0.31-a0-1549-g5ff9445e89 (webtiles) character file.

Game seed: 10628273324192138852

77 bmb222 the Sneak (level 4, -1/21 HPs)
             Began as a Vine Stalker Enchanter on Jan 2, 2024.
             Succumbed to Robin's poison
             ... on level 3 of the Dungeon.
             The game lasted 00:01:14 (1365 turns).

bmb222 the Sneak (Vine Stalker Enchanter)           Turns: 1365, Time: 00:01:15

Health: -1/21      AC:  2    Str: 11    XL:     4   Next: 33%
Magic:  1/9        EV: 12    Int: 15    God:
Gold:   53         SH:  0    Dex: 16    Spells: 8/8 levels left

rFire   . . .        m - +1 dagger (vamp)
rCold   . . .        (no shield)
rNeg    . . .        b - +0 robe
rPois   .            (no helmet)
rElec   .            (no cloak)
rCorr   .            (no gloves)
SInv    .            (no boots)
Will    .....        (no amulet)
Stlth   +++          (no ring)
HPRegen 1.03/turn    (no ring)
MPRegen 0.11/turn

%: guardian spirit
@: lethally poisoned (-1 -> -23)
A: fangs 2, regeneration 1, magic shield, antimagic bite, no potion heal 2
a: no special abilities


You were on level 3 of the Dungeon.
You visited 1 branch of the dungeon, and saw 3 of its levels.

You collected 53 gold pieces.

Inventory:

Hand Weapons
 a - a +1 dagger
 m - a +1 vampiric dagger (weapon)
Armour
 b - a +0 robe (worn)
Scrolls
 d - 2 scrolls of fear {unknown}
 e - 2 scrolls of identify {unknown}
 h - 2 scrolls of blinking {unknown}
 i - a scroll of teleportation {unknown}
 j - a scroll of amnesia {unknown}
 k - a scroll of enchant weapon {unknown}
Potions
 c - 2 potions of invisibility
 f - a potion of curing {unknown}
 g - a potion of heal wounds {unknown}
 l - a potion of degeneration {unknown}


   Skills:
 + Level 1.8 Short Blades
 + Level 2.1 Dodging
 + Level 4.3 Stealth
 + Level 2.8 Spellcasting
 + Level 3.4 Hexes


You had 8 spell levels left.
You didn't know any spells.
Your spell library contained the following spells:

 Spells                   Type           Power      Damage    Failure   Level
 Ensorcelled Hibernation  Hex/Ice        14%        N/A       16%         2
 Confusing Touch          Hex            12%        N/A       16%         3
 Tukima's Dance           Hex            12%        N/A       16%         3
 Cigotuvi's Dreadful Rot  Necr/Alch/Air  4%         N/A       30%         2
 Dazzling Flash           Conj/Hex       14%        N/A       30%         3
 Dispel Undead            Necr           2%         3d7       90%         4
 Martyr's Knell           Necr/Summ      2%         N/A       90%         4
 Death Channel            Necr           1%         N/A       100%        6


Dungeon Overview and Level Annotations

Branches:
Dungeon (3/15)

Altars:
Vehumet

Annotations:
D:2 1 runed translucent door, Crazy Yiuf
D:3 Robin


Innate Abilities, Weirdness & Mutations

You have extremely sharp teeth.
Your natural rate of healing is unusually fast.
When hurt, damage is shared between your health and your magic reserves.
Your bite disrupts and absorbs the magic of your enemies.
Potions cannot restore your health.


Message History

You hit the hobgoblin.
You feel better.
You kill the hobgoblin!
The hobgoblin no longer looks unusually strong.
Robin says, "My goblins will feast on your bones."
You barely miss Robin. Your bite misses Robin. Robin closely misses you.
You hit Robin but do no damage. Your bite misses Robin.
The goblin no longer looks unusually strong.
Robin roars a battlecry!
The hobgoblin goes into a battle-frenzy!
You hit Robin. Your bite misses Robin.
Robin is moderately wounded.
Robin hits you with a +2 dagger of venom.
You hit Robin but do no damage.
Robin is moderately wounded.
Robin hits you but does no damage.
You are poisoned.
You hit Robin but do no damage. You bite Robin, but do no damage.
Robin is moderately wounded.
You feel sick.
Robin laughs in a distinctly smug fashion.
Robin hits you with a +2 dagger of venom.
You are more poisoned.
You barely miss Robin. You bite Robin, but do no damage.
Robin is moderately wounded.
You feel sick. Robin hits you but does no damage.
You are more poisoned.
You hit Robin but do no damage.
Robin is moderately wounded.
You feel very sick.
Robin hits you with a +2 dagger of venom.
You are lethally poisoned!
You hit Robin.
Robin is moderately wounded.
You feel very sick.
Robin hits you with a +2 dagger of venom.
* * * LOW HITPOINT WARNING * * *
You are more poisoned.
You hit Robin but do no damage.
Robin is moderately wounded.
You die...

#......#
#..#....# #......
#g.....####
.......
##.g........
#†.##.# #gg....#
#...#..#
##.###..#
#...##..###.†#
#.# #...#
#...#.## ...
####...####g...#
...
#........@gg#.##
.....
#.(.......)####.#
....
##...........##..
.<..
##.......)..###..
#...[......# #.#
#..........# .#
#..........# .#
#.....(.....
#..........##


You could see Robin, a hobgoblin (strong) and a goblin (strong).

Vanquished Creatures
  3 adders (D:2)
  2 ribbon worms (D:2)
  6 ball pythons
  2 endoplasms
  A giant cockroach (D:1)
  7 goblins
  6 hobgoblins
  3 kobolds
  3 quokkas
  5 bats
  A frilled lizard (D:2)
  3 rats
42 creatures vanquished.

Notes
Turn   | Place    | Note
-------+----------+-------------------------------------------
     0 | D:1      | bmb222 the Vine Stalker Enchanter began the quest for the
                  | Orb.
     0 | D:1      | Reached XP level 1. HP: 9/9 MP: 4/4
    42 | D:1      | Reached skill level 1 in Short Blades
    78 | D:1      | Reached XP level 2. HP: 13/13 MP: 3/6
   517 | D:2      | Reached skill level 4 in Stealth
   517 | D:2      | Reached XP level 3. HP: 10/16 MP: 4/7
   883 | D:2      | Found a radiant altar of Vehumet.
  1013 | D:2      | Reached XP level 4. HP: 16/21 MP: 5/9
  1124 | D:2      | Found a runed translucent door.
  1125 | D:2      | Noticed Crazy Yiuf
  1299 | D:3      | Noticed Robin
  1365 | D:3      | Succumbed to Robin's poison

Illustrated notes

Levels and vault maps discovered:
D:1:      dpeg_arrival_houses_and_road, layout_basic, serial_bayou_pond_a,
          minmay_heptomino_w4
D:2:      layout_loops_ring, basic_altar, grunt_decor_fettered,
          uniq_crazy_yiuf_cottage
D:3:      layout_rooms, amethyst_killhole, nicolae_half_adder, uniq_robin

Skill      XL: |  1  2  3 |
---------------+----------+-----
Short Blades   | 1 |  1.8
Stealth        | 4 |  4.3
Dodging        | 2 |  2.1
Spellcasting   | |  2.8
Hexes          | |  3.4

Action                     |  1- 3 |  4- 6 || total
---------------------------+-------+-------++-------
  Melee: Dagger            |    85 |    52 ||   137
         Bite              |    18 |    14 ||    32
         Punch             |       |     1 ||     1
   Stab: Sleeping          |     4 |     1 ||     5
 Armour: Robe              |    41 |    39 ||    80
  Dodge: Dodged            |    57 |    35 ||    92

Table legend: (Time is in decaauts)
 A = Elapsed time spent in this place.
 B = Non-inter-level travel time spent in this place.
 C = Inter-level travel time spent in this place.
 D = Time resting spent in this place.
 E = Time spent auto-exploring this place.
 F = Levels seen in this place.
 G = Mean time per level.
                   A        B        C        D        E       F      G
               +--------+--------+--------+--------+--------+-----+--------+
         Total |   1357 |   1333 |     24 |      0 |   1050 |   3 |  452.3 |
       Dungeon |   1357 |   1333 |     24 |      0 |   1050 |   3 |  452.3 |
               +--------+--------+--------+--------+--------+-----+--------+

Top non-repeatable levels by time:
     D:2: 766 daAuts
     D:1: 501 daAuts
     D:3: 89 daAuts
